 Dungeon Crawl Stone Soup version 0.23.2-1-ga50397a6bc (webtiles) character file.

Game seed: 484396782382342388

2463 Morbidden the Spear-Bearer (level 9, -5/103 HPs)
             Began as a Merfolk Gladiator on May 12, 2019.
             Was an Initiate of Fedhas.
             Slain by a killer bee (8 damage)
             ... on level 7 of the Dungeon.
             The game lasted 00:17:08 (6564 turns).

Morbidden the Spear-Bearer (Merfolk Gladiator)      Turns: 6564, Time: 00:17:08

Health: -5/103     AC:  9    Str: 22    XL:     9   Next: 50%
Magic:  9/9        EV: 14    Int:  8    God:    Fedhas [......]
Gold:   372        SH:  0    Dex: 15    Spells: 8/8 levels left

rFire    + + .     SeeInvis .   a - +0 trident
rCold    + + .     Gourm    .   (no shield)
rNeg     . . .     Faith    .   e - +0 scale mail
rPois    +         Spirit   .   (helmet restricted)
rElec    +         Reflect  .   l - scarf {rC+ rF+}
rCorr    +         Harm     .   t - +0 pair of gloves
MR       .....                  (no boots)
Stlth    ..........             (no amulet)
HPRegen  0.27/turn              x - ring of stealth
MPRegen  0.11/turn              (no ring)

@: berserking, lethally poisoned (-5 -> -17), resistant, hasted, very quick
A: change form in water, swift swim, stealthy swim, horns 1, icy blue scales 1,
MP-powered wands
a: Fungal Bloom, Renounce Religion


You were on level 7 of the Dungeon.
You worshipped Fedhas.
Fedhas was noncommittal.
You were very hungry.

You visited 2 branches of the dungeon, and saw 8 of its levels.
You also visited: Sewer.

You collected 372 gold pieces.

Inventory:

Hand Weapons
 a - a +0 trident (weapon)
Missiles
 d - 3 throwing nets (quivered)
Armour
 c - a +0 helmet
 e - a +0 scale mail (worn)
 l - a scarf of resistance (worn)
 t - a +0 pair of gloves (worn)
 w - a +0 cloak
Jewellery
 s - an uncursed amulet of faith
 x - a ring of stealth (left hand)
 A - an uncursed amulet of regeneration {unknown}
Wands
 r - a wand of random effects (16)
 v - a wand of polymorph (9)
Scrolls
 b - 5 scrolls of identify
 g - 2 scrolls of fog {unknown}
 i - 2 scrolls of remove curse
 k - 2 scrolls of immolation {unknown}
 o - a scroll of enchant armour {unknown}
 u - a scroll of enchant weapon {unknown}
 y - 4 scrolls of teleportation {unknown}
 C - a scroll of silence {unknown}
 E - a scroll of summoning {unknown}
Potions
 h - a potion of agility
 n - 4 potions of flight
 p - 4 potions of curing
 z - 3 potions of heal wounds
Comestibles
 f - 15 rations


   Skills:
 * Level 6.0 Fighting
 * Level 13.2 Polearms
 + Level 2.0 Throwing
 + Level 3.1 Armour
 * Level 7.0 Dodging
 + Level 2.2 Stealth
 * Level 0.7 Invocations


You had 8 spell levels left.
You didn't know any spells.
Your spell library contained the following spells:

 Spells                   Type           Power        Failure   Level  Hunger
 Confusing Touch          Hex            #.....       75%         1    ##.....
 Confuse                  Hex            #.......     98%         3    ####...
 Gell's Gravitas          Tloc           #.........   98%         3    ####...
 Petrify                  Tmut/Erth      #.......     100%        4    #####..
 Metabolic Englaciation   Hex/Ice        #.........   100%        5    ######.
 Yara's Violent Unravell  Hex/Tmut       #.........   100%        5    ######.


Dungeon Overview and Level Annotations

Branches:
Dungeon (7/15)             Temple (1/1) D:7

Altars:
Cheibriados
Dithmenos
Elyvilon
Fedhas
Gozag
Kikubaaqudgha
Makhleb
Nemelex Xobeh
Okawaru
Qazlal
Ru
Sif Muna
Trog
Uskayaw
Vehumet
Wu Jian
Xom
Zin
The Shining One

Annotations:
D:6 2 transporters, Cykl0x's ghost, amateur FoFi


Innate Abilities, Weirdness & Mutations

You revert to your normal form in water You are very nimble and swift while swimming.
You are very stealthy in the water. (Stealth+)
You have a pair of small horns on your head.
You are partially covered in icy blue scales. (AC +2)
You expend magic power (3 MP) to strengthen your wands.


Message History

You puncture the killer bee!
The killer bee is severely wounded.
The killer bee stings you.
* * * LOW HITPOINT WARNING * * *
You are lethally poisoned!
The killer bee poisons you!
Unknown command.
You hit the killer bee. Your headbutt misses the killer bee.
The killer bee is severely wounded.
* * * LOW HITPOINT WARNING * * *
You feel sick. The killer bee stings you.
* * * LOW HITPOINT WARNING * * *
The killer bee misses you. x2
Unknown command.
You hit the killer bee.
The killer bee is almost dead.
* * * LOW HITPOINT WARNING * * *
You feel sick. The killer bee stings you!
You die...
Fedhas appreciates your contribution to the ecosystem.

##### ###≈≈≈###
##≈≈≈≈≈≈≈## ##
##yyy###.≈≈## .###
#≈†@##_##.≈≈# ...
##≈≈.#...#.≈≈## ..
#≈≈≈.#...#.≈≈≈### ##.
##≈≈.##.##.≈≈##.###..
#≈≈≈≈#'#≈≈≈≈##..#...
##≈≈)8.8≈≈≈##..#.)..
.##≈≈...≈≈###...##..
#.###8.8###......#..
###. #...#.........>.


You could see 3 killer bees.

Vanquished Creatures
  Pikel (D:5)
  Grinder (D:3)
  Sigmund (D:3)
  An orc warrior (D:7)
  2 slaves (D:5)
  An ice beast (D:5)
  An ogre (D:5)
  2 centaurs
  4 big kobolds
  A bullfrog (D:6)
  A killer bee (D:7)
  2 crimson imps
  A hound (D:5)
  3 orc priests
  2 bullfrog skeletons (D:5)
  3 orc wizards (D:7)
  5 worker ants
  A hound skeleton (D:6)
  12 gnolls
  11 adders
  5 river rats
  A shadow imp (D:6)
  An ooze (D:2)
  2 adder zombies
  4 worms (D:5)
  4 dart slugs
  A leopard gecko (D:2)
  9 orcs
  4 giant cockroaches
  30 goblins
  16 hobgoblins
  5 jackals
  A quokka (D:3)
  2 ball pythons (D:2)
  A ball python zombie (D:5)
  9 bats
  A frilled lizard (D:2)
  A jackal skeleton (D:4)
  5 kobolds
  A quokka skeleton (D:4)
  13 rats
172 creatures vanquished.

Vanquished Creatures (others)
  An orc wizard (D:5)
  An orc (D:5)
2 creatures vanquished.

Grand Total: 174 creatures vanquished

Notes
Turn   | Place    | Note
-------+----------+-------------------------------------------
     0 | D:1      | Morbidden the Merfolk Gladiator began the quest for the
                  | Orb.
     0 | D:1      | Reached XP level 1. HP: 16/16 MP: 1/1
    28 | D:1      | Reached skill level 5 in Polearms
    28 | D:1      | Reached XP level 2. HP: 4/22 MP: 2/2
   739 | D:2      | Found a white marble altar of Elyvilon.
   742 | D:2      | Found a hide-covered altar of Uskayaw.
   745 | D:2      | Found a stormy altar of Qazlal.
   785 | D:2      | Reached XP level 3. HP: 28/28 MP: 3/3
  1254 | D:2      | Reached XP level 4. HP: 34/34 MP: 4/4
  1456 | D:2      | Reached skill level 6 in Polearms
  1752 | D:3      | Noticed Grinder
  1761 | D:3      | Killed Grinder
  1761 | D:3      | Reached skill level 7 in Polearms
  1761 | D:3      | Reached skill level 1 in Armour
  1761 | D:3      | Reached skill level 5 in Dodging
  1761 | D:3      | Reached XP level 5. HP: 31/41 MP: 5/5
  1761 | D:3      | Reached XP level 6. HP: 35/47 MP: 6/6
  2072 | D:3      | Noticed Sigmund
  2092 | D:3      | Killed Sigmund
  2092 | D:3      | Reached skill level 8 in Polearms
  2092 | D:3      | Reached XP level 7. HP: 52/52 MP: 7/7
  2988 | D:4      | Reached skill level 1 in Stealth
  3207 | D:4      | Reached skill level 9 in Polearms
  4030 | D:4      | Reached skill level 10 in Polearms
  4030 | D:4      | Reached XP level 8. HP: 56/61 MP: 8/8
  4276 | D:5      | Entered Level 5 of the Dungeon
  4477 | D:5      | Reached skill level 11 in Polearms
  4555 | D:5      | Found a glowing drain.
  4571 | Sewer    | Entered a sewer
  4723 | Sewer    | Reached skill level 5 in Fighting
  4741 | Sewer    | Found a white marble altar of Elyvilon.
  5244 | D:5      | Found a shimmering altar of Xom.
  5244 | D:5      | Noticed an angel
  5246 | D:5      | Found a glowing silver altar of Zin.
  5250 | D:5      | Noticed Pikel
  5305 | D:5      | Killed Pikel
  5305 | D:5      | Reached skill level 12 in Polearms
  5305 | D:5      | Reached XP level 9. HP: 41/69 MP: 9/9
  5489 | D:6      | Found a transporter.
  5489 | D:6      | Found a transporter.
  5512 | D:6      | Noticed Cykl0x's ghost (amateur FoFi)
  6027 | D:7      | Found a staircase to the Ecumenical Temple.
  6077 | Temple   | Entered the Ecumenical Temple
  6310 | Temple   | Became a worshipper of Fedhas Madash
  6354 | D:7      | Reached skill level 13 in Polearms
  6432 | D:7      | Found a deep blue altar of Sif Muna.
  6556 | D:7      | Gained mutation: You expend magic power (3 MP) to
                  | strengthen your wands. [potion of mutation]
  6556 | D:7      | Gained mutation: You are partially covered in icy blue
                  | scales. (AC +2) [potion of mutation]
  6556 | D:7      | Gained mutation: You have a pair of small horns on your
                  | head. [potion of mutation]
  6563 | D:7      | HP: 4/103 [killer bee (3)]
  6564 | D:7      | Slain by a killer bee

Skill      XL: |  1  2  3  4  5  6  7  8  9 |
---------------+----------------------------+-----
Polearms       | 5 7 8 10 12 13 | 13.2
Fighting       | 3 4 5 6 |  6.0
Armour         | 1 2 3 |  3.1
Dodging        | 5 6 7 |  7.0
Stealth        | 1 2 |  2.2
Throwing       | |  2.0
Invocations    | |  0.7

Action                   |  1- 3 |  4- 6 |  7- 9 || total
-------------------------+-------+-------+-------++-------
Melee: Trident           |   102 |    53 |   649 ||   804
       Tailslap          |       |       |     9 ||     9
Invok: Fungal Bloom      |       |       |     2 ||     2
  Use: Potion            |     1 |     2 |     8 ||    11
       Scroll            |       |       |     2 ||     2
 Stab: Sleeping          |       |       |     7 ||     7
  Eat: Chunk             |       |     3 |    14 ||    17
Armor: Leather armour    |     1 |       |       ||     1
       Scale mail        |    51 |     7 |   145 ||   203
       Skin              |       |    10 |       ||    10
Dodge: Dodged            |    70 |    29 |   331 ||   430
